Map: Dusk Towers

Players

Ikaruga

  • Race: Terran Terran
  • League: Diamond

MaxTa - Winner!

  • Race: Terran Terran
  • League: Platinum

VOD

Have the link to the VOD?

Description

Time

  • Played on: March 2, 2016, 6:11 p.m.
  • Length: 13:56
Show
View Real Time Build Order
Export as new Build Order

Ikaruga Terran 

Build Orders: Cyclone Opening 

Get SALT Encoding   

  12  0:00  SCV  
  13  0:13  SCV  
  14  0:17  Supply Depot  
  14  0:25  SCV  
  15  0:34  Refinery  
  15  0:39  SCV  
  16  0:44  Barracks  
  16  0:51  SCV  
  17  1:03  SCV  
  18  1:15  SCV  
  19  1:31  Orbital Command  
  19  1:33  Marine  
  19  1:36  Factory  
  20  1:43  Supply Depot  
  20  1:54  Marine  
  20  1:56  SCV  
  20  2:00  Refinery  
  22  2:08  SCV  
  23  2:18  Marine  
  23  2:22  Factory Tech Lab  
  24  2:23  SCV  
  24  2:27  Engineering Bay  
  25  2:33  Bunker  
  25  2:35  SCV  
  26  2:39  Supply Depot  
  26  2:41  Cyclone  
  26  2:43  Marine  
  30  2:47  SCV  
  31  2:55  Missile Turret  
  31  3:01  SCV  
  32  3:05  Missile Turret  
  32  3:15  Siege Tank  
  32  3:19  SCV  
  36  3:30  Command Center  
  36  3:40  Marine  
  37  3:41  SCV  
  37  3:46  Supply Depot  
  38  3:49  Supply Depot  
  38  3:53  SCV  
  39  4:08  Siege Tank, SCV  
  43  4:19  Command Center  
  43  4:24  SCV  
  44  4:35  Starport  
  44  4:37  Barracks Reactor  
  44  4:38  SCV  
  45  4:50  SCV  
  46  4:56  Siege Tank  
  49  5:02  SCV, Missile Turret  
  50  5:09  Orbital Command  
  50  5:14  SCV  
  51  5:32  Orbital Command  
  51  5:33  Missile Turret  
  51  5:34  SCV  
  51  5:35  SCV  
  53  5:41  Missile Turret  
  53  5:46  SCV  
  53  5:48  Viking  
  53  5:49  Viking  
  58  5:53  SCV  
  59  5:57  Supply Depot  
  59  5:58  SCV  
  60  6:05  SCV  
  60  6:09  Supply Depot  
  60  6:10  Siege Tank  
  60  6:11  SCV  
  65  6:15  Orbital Command  
  65  6:16  Refinery  
  65  6:17  Refinery, SCV  
  66  6:18  Viking  
  66  6:19  Viking  
  66  6:23  SCV  
  66  6:24  Starport  
  71  6:29  SCV  
  72  6:35  SCV  
  71  6:41  SCV  
  69  6:52  SCV x2  
  69  6:53  Missile Turret  
  70  6:56  SCV  
  70  7:04  SCV  
  71  7:17  SCV x2  
  71  7:18  SCV  
  71  7:20  Missile Turret  
  74  7:23  Missile Turret  
  74  7:28  Starport  
  74  7:29  SCV x2, Starport  
  75  7:30  Starport  
  75  7:31  Command Center  
  75  7:41  SCV x2  
  75  7:42  SCV  
  78  7:45  Viking  
  78  7:46  Viking  
  82  7:53  SCV x2  
  82  7:57  Missile Turret  
  84  7:59  Missile Turret x2  
  84  8:01  SCV  
  84  8:04  Missile Turret  
  84  8:05  Starport Tech Lab, SCV x2  
  87  8:06  Starport Tech Lab x2  
  87  8:09  Refinery  
  87  8:17  SCV  
  87  8:18  Refinery  
  87  8:34  Banshee x3  
  87  8:35  Viking x2  
  100  8:43  SCV x2  
  102  8:55  SCV  
  105  9:04  Siege Tank  
  105  9:07  Missile Turret  
  106  9:10  Missile Turret  
  106  9:12  SCV x2  
  106  9:14  Orbital Command  
  108  9:20  Missile Turret  
  108  9:21  Banshee x2  
  108  9:22  Viking  
  116  9:27  Supply Depot x2  
  116  9:28  Supply Depot x2  
  116  9:41  Banshee, SCV  
  116  9:42  SCV  
  116  9:43  Viking  
  116  9:45  SCV  
  112  9:49  Siege Tank  
  98  9:53  SCV  
  98  9:54  SCV  
  98  9:57  SCV  
  101  10:00  Liberator  
  101  10:01  Liberator  
  101  10:03  Banshee  
  101  10:04  Banshee  
  101  10:06  SCV  
  100  10:16  Refinery  
  100  10:17  Refinery  
  100  10:18  SCV  
  107  10:22  Siege Tank  
  107  10:24  Banshee  
  107  10:28  SCV x3  
  116  10:30  SCV  
  117  10:36  Factory  
  117  10:38  Factory  
  117  10:41  Supply Depot  
  117  10:44  Supply Depot  
  117  10:46  Banshee x2  
  117  10:47  Missile Turret  
  123  10:58  Siege Tank  
  126  11:06  Command Center  
  126  11:07  Banshee  
  129  11:12  Viking  
  129  11:13  Viking  
  129  11:15  SCV x2  
  135  11:20  Missile Turret  
  135  11:22  Factory Tech Lab  
  135  11:23  Factory Tech Lab, Missile Turret  
  135  11:26  Missile Turret  
  135  11:33  Armory  
  135  11:34  Armory  
  135  11:36  Missile Turret  
  135  11:37  Siege Tank, Missile Turret  
  138  11:42  SCV x2  
  138  11:43  SCV  
  138  11:44  SCV  
  142  11:54  Hellion, Widow Mine, SCV  
  142  11:56  SCV  
  148  12:06  Liberator, Cloaking Field  
  148  12:08  Widow Mine  
  148  12:10  Refinery  
  148  12:12  Missile Turret x2  
  148  12:13  Fusion Core, SCV x2  
  148  12:14  SCV, Refinery  
  153  12:18  Siege Tank  
  153  12:20  Banshee x2  
  162  12:23  Siege Tank  
  162  12:25  SCV  
  169  12:48  Widow Mine  
  169  12:49  Missile Turret  
  171  12:52  Siege Tank  
  171  12:53  Banshee  
  177  13:03  Armory  
  177  13:08  Banshee  
  177  13:12  Sensor Tower  
  178  13:16  Orbital Command  
  178  13:23  Siege Tank x2  
  187  13:33  Supply Depot x2  
  187  13:34  Supply Depot  
Show
View Real Time Build Order
Export as new Build Order

MaxTa Terran - Winner!

Build Orders: Hellion Banshee, Mech 

Get SALT Encoding   

  12  0:00  SCV  
  13  0:13  SCV  
  14  0:18  Supply Depot  
  14  0:25  SCV  
  15  0:28  Refinery  
  15  0:40  SCV  
  16  0:45  Barracks  
  16  0:52  SCV  
  17  1:04  SCV  
  17  1:09  Supply Depot  
  18  1:16  SCV  
  19  1:32  SCV  
  19  1:33  Marine  
  19  1:34  Factory  
  21  1:45  Orbital Command  
  21  1:51  Reaper  
  22  2:11  SCV  
  22  2:21  Hellion  
  24  2:25  SCV  
  24  2:27  Command Center  
  24  2:29  Refinery  
  25  2:32  Barracks Reactor  
  25  2:42  SCV  
  26  2:46  Hellion  
  26  2:50  Starport  
  28  2:54  SCV  
  29  3:06  SCV  
  30  3:17  Barracks Tech Lab  
  30  3:18  SCV  
  31  3:22  Supply Depot  
  31  3:37  SCV  
  31  3:39  Hellion x2  
  35  3:43  Cloaking Field  
  35  3:44  Banshee  
  38  3:49  Orbital Command  
  38  3:53  SCV  
  39  4:00  Widow Mine x2  
  43  4:05  SCV  
  43  4:09  Armory  
  44  4:17  SCV x2  
  46  4:27  Banshee  
  46  4:29  SCV x2  
  51  4:40  Hellion  
  51  4:41  SCV  
  51  4:44  Supply Depot  
  54  4:46  Hellion, SCV  
  54  4:49  Supply Depot  
  57  4:53  SCV  
  57  4:57  Barracks Reactor  
  57  4:58  SCV  
  59  5:05  Hellion, SCV  
  62  5:08  Hellion  
  62  5:10  SCV  
  65  5:17  SCV  
  66  5:22  SCV  
  67  5:30  SCV  
  67  5:32  Refinery  
  67  5:33  Factory  
  67  5:34  SCV  
  69  5:36  Terran Vehicle Weapons Level 1  
  69  5:42  SCV  
  70  5:46  SCV  
  70  5:47  Command Center  
  71  5:54  SCV  
  72  5:58  Hellion x2, SCV  
  74  6:10  Viking x2  
  78  6:14  Refinery  
  78  6:15  Barracks Tech Lab  
  78  6:16  Supply Depot  
  78  6:18  SCV, Factory  
  78  6:19  Supply Depot  
  78  6:21  Siege Tank  
  82  6:35  SCV x2  
  82  6:39  Viking  
  84  6:40  Viking  
  88  6:52  SCV x2  
  88  6:54  Siege Tank  
  93  7:10  SCV x2  
  92  7:21  Siege Tank  
  95  7:24  Barracks Reactor, SCV  
  95  7:25  Factory  
  95  7:29  SCV  
  97  7:32  Command Center  
  97  7:42  Terran Vehicle And Ship Armor Level 1  
  97  7:44  Supply Depot  
  97  7:45  Armory  
  97  7:46  Orbital Command  
  97  7:49  SCV  
  97  7:50  Refinery  
  97  7:51  Refinery, SCV  
  99  7:55  Supply Depot x2  
  99  7:59  Viking  
  99  8:00  Viking  
  99  8:01  SCV  
  99  8:04  SCV  
  105  8:13  SCV  
  105  8:15  Siege Tank  
  105  8:16  SCV x2  
  105  8:19  Factory  
  111  8:25  SCV  
  111  8:26  Hellion x2  
  111  8:27  Hellion x2  
  120  8:28  SCV  
  120  8:31  Barracks Tech Lab  
  120  8:33  Viking x2  
  125  8:35  SCV  
  125  8:39  SCV  
  125  8:43  Terran Vehicle Weapons Level 2, Supply Depot  
  125  8:47  Supply Depot  
  125  8:55  Command Center  
  125  8:59  Refinery  
  125  9:03  Orbital Command  
  125  9:05  SCV  
  125  9:08  Supply Depot  
  124  9:11  Siege Tank x2  
  124  9:12  Hellion x2  
  134  9:19  Infernal Pre-Igniter  
  134  9:23  SCV  
  135  9:27  SCV x2  
  135  9:28  Refinery  
  137  9:32  Supply Depot  
  137  9:33  Supply Depot  
  137  9:34  Viking x2  
  137  9:35  SCV, Supply Depot  
  137  9:37  Siege Tank, Hellion x2  
  112  10:04  Thor x2  
  112  10:06  Hellion x2  
  118  10:15  Thor  
  118  10:16  SCV  
  118  10:17  SCV  
  118  10:20  Engineering Bay  
  126  10:21  Barracks Tech Lab  
  126  10:24  Terran Vehicle And Ship Armor Level 2, Factory  
  126  10:26  Viking x2  
  130  10:30  Starport  
  130  10:32  Starport  
  130  10:37  SCV  
  130  10:39  SCV  
  132  10:46  Thor  
  132  10:49  Missile Turret  
  138  10:50  Missile Turret  
  138  10:52  Missile Turret x2  
  138  10:57  Planetary Fortress  
  138  10:59  Missile Turret, SCV x2  
  140  11:05  Thor  
  140  11:10  Viking  
  148  11:15  SCV x2  
  150  11:25  Viking x2  
  150  11:31  Missile Turret x2  
  150  11:32  Missile Turret  
  154  11:38  Thor, SCV, Refinery  
  154  11:39  Refinery  
  161  11:43  Viking x2  
  165  11:51  Thor  
  171  11:55  Viking x2  
  175  12:10  Hi-Sec Auto Tracking  
  175  12:12  Missile Turret  
  175  12:14  Viking x2, Missile Turret  
  179  12:17  Thor  
  185  12:24  Hellion x4  
  185  12:25  Viking x2, Hellion  
  185  12:26  Missile Turret  
  197  12:37  Missile Turret  
  197  12:47  Command Center  
  197  12:49  SCV  
  198  12:55  Missile Turret  
Tags
 
Add a new tag
Caveats
  • Supply blocks, unpowered buildings, or Contaminate may cause inaccurate times.
  • Supply counts are checked every 10 seconds.